 Dungeon Crawl Stone Soup version 0.29.1-12-g30fa7ad0bf (webtiles) character file.

Game seed: 9765566340627151692

75 Radix the Stinger (level 4, -3/24 HPs)
             Began as a Gargoyle Venom Mage on Dec 15, 2022.
             Slain by Natasha (5 damage)
             ... on level 3 of the Dungeon.
             The game lasted 00:15:37 (2429 turns).

Radix the Stinger (Gargoyle Venom Mage)             Turns: 2429, Time: 00:15:38

Health: -3/24      AC:  9    Str: 11    XL:     4   Next: 31%
Magic:  6/8        EV: 11    Int: 18    God:
Gold:   71         SH:  0    Dex: 10    Spells: 6/9 levels left

rFire   . . .      SeeInvis .   g - staff of air
rCold   . . .      Faith    .   (no shield)
rNeg    + . .      Spirit   .   m - +0 leather armour
rPois   ∞          Reflect  .   q - +2 helmet
rElec   +          Harm     .   (no cloak)
rCorr   .          Rampage  .   (no gloves)
Will    .....                   (no boots)
Stlth   ++........              (no amulet)
HPRegen 0.08/turn               (no ring)
MPRegen 0.11/turn               (no ring)

@: no status effects
A: sickness immunity, AC +3, negative energy resistance 1, electricity
resistance, torment resistance 1, petrification resistance
a: no special abilities


You were on level 3 of the Dungeon.
You visited 1 branch of the dungeon, and saw 3 of its levels.

You collected 71 gold pieces.

Inventory:

Missiles
 j - 6 poisoned darts
Armour
 a - a +0 robe
 m - a +0 leather armour (worn)
 q - a +2 helmet (worn)
Magical Staves
 g - a staff of air (weapon)
Jewellery
 l - an amulet of the acrobat
Wands
 f - a wand of mindburst (13) (quivered)
Scrolls
 c - a scroll of identify
 h - 2 scrolls of magic mapping
Potions
 d - a potion of brilliance {unknown}
 e - a potion of flight {unknown}
 i - a potion of lignification {unknown}
 k - a potion of heal wounds
 n - a potion of curing {unknown}
 o - a potion of might {unknown}


   Skills:
 - Level 1.5 Dodging
 - Level 2.1 Stealth
 + Level 3.2 Spellcasting
 - Level 0.8 Transmutations
 + Level 4.1 Poison Magic


You had 6 spell levels left.
You knew the following spells:

 Your Spells              Type           Power      Damage    Failure   Level
a - Sting                 Tmut/Pois      44%        1d5       8%          1
b - Poisonous Vapours     Pois/Air       30%        N/A       14%         2

Your spell library contained the following spells:

 Spells                   Type           Power      Damage    Failure   Level
 Shock                    Conj/Air       16%        1d4       22%         1
 Scorch                   Fire           4%         2d5       32%         2
 Mephitic Cloud           Conj/Pois/Air  11%        N/A       34%         3
 Olgreb's Toxic Radiance  Pois           17%        N/A       36%         4
 Swiftness                Air            4%         N/A       54%         3
 Airstrike                Air            2%         2d(1-17)  91%         4
 Flame Wave               Conj/Fire      2%         2d4       91%         4
 Summon Cactus Giant      Summ           1%         N/A       100%        6


Dungeon Overview and Level Annotations

Branches:
Dungeon (3/15)

Altars:

Annotations:
D:3 Natasha


Innate Abilities, Weirdness & Mutations

You are immune to sickness and miasma.
Your stone body is resilient. (AC +3)
You are immune to poison.
You resist negative energy. (rN+)
You are resistant to electric shocks. (rElec)
You are resistant to unholy torment.
You are immune to petrification.


Message History

Aim: a hobgoblin (71% to hit)
The sting hits the goblin.
The goblin is poisoned.
The goblin is heavily wounded.
The goblin barely misses you. The hobgoblin attacks as you move away!
The hobgoblin barely misses you.
You kill the goblin!
The hobgoblin attacks as you move away! The hobgoblin barely misses you.
Found a bone wand.
Casting: Sting (safe; 8% risk of failure)
Confirm with . or Enter, or press ? or * to list all spells.
Aiming: Sting (safe; 8% risk of failure)
Press: ? - help, Shift-Dir - straight line, f/p - hobgoblin
Aim: a hobgoblin (71% to hit)
The sting hits the hobgoblin but does no damage.
The hobgoblin is poisoned.
The hobgoblin barely misses you.
Natasha casts a spell.
Your magical contamination has completely faded away.
Natasha attacks as you move away! Natasha barely misses you.
You kill the hobgoblin!
The crimson imp blinks!
Natasha attacks as you move away! Natasha claws you.
Natasha stares at you and mumbles some strange words.
You resist with some effort.
Casting: Sting (safe; 8% risk of failure)
Confirm with . or Enter, or press ? or * to list all spells.
Aiming: Sting (safe; 8% risk of failure)
Press: ? - help, Shift-Dir - straight line, f - Natasha
Aim: Natasha (lightly wounded, 64% to hit)
The sting hits Natasha.
Natasha is poisoned.
Natasha is moderately wounded.
Natasha attacks as you move away! Natasha barely misses you.
Aiming: Mindburst
Press: ? - help, Q - select action, (/) - cycle Shift-Dir - straight line, f/p - Natasha
Aim: Natasha (moderately wounded, poisoned, chance to affect: 64%) Natasha struggles to resist.
Natasha casts a spell.
Natasha attacks as you move away! Natasha claws you.
* * * LOW HITPOINT WARNING * * *
Natasha claws you.
You die...

..##.....## .#
#.........##.
###..........
..............###
..........$.....
#.##<........####..
#..#...........#..#
.........@........
##.....hg..###.##.
#......5..........
...###..........##.######
#.$...<.................
..####......(...5...#####
#........##.†.......
##.#.<...##..........
#.##..#.##..##..........


You could see Natasha (poisoned), 2 crimson imps and a hobgoblin.

Vanquished Creatures
  Natasha (D:3)
  An adder (D:2)
  A worm (D:2)
  2 dart slugs
  4 ball pythons
  2 endoplasms
  A giant cockroach (D:1)
  A goblin (D:3)
  5 hobgoblins
  3 bats
  3 frilled lizards
  6 kobolds
  7 rats
37 creatures vanquished.

Notes
Turn   | Place    | Note
-------+----------+-------------------------------------------
     0 | D:1      | Radix the Gargoyle Venom Mage began the quest for the Orb.
     0 | D:1      | Reached XP level 1. HP: 10/10 MP: 3/3
     7 | D:1      | You fall into a shaft and drop 1 floor!
   286 | D:2      | Reached XP level 2. HP: 15/15 MP: 1/5
  1247 | D:1      | Found a faded altar of an unknown god.
  1600 | D:2      | Reached XP level 3. HP: 19/19 MP: 6/6
  2185 | D:3      | Noticed Natasha
  2373 | D:3      | Killed Natasha
  2374 | D:3      | Reached skill level 4 in Poison Magic
  2374 | D:3      | Reached XP level 4. HP: 16/24 MP: 3/8
  2376 | D:3      | Noticed Natasha
  2378 | D:3      | Learned a level 2 spell: Poisonous Vapours
  2429 | D:3      | Slain by Natasha

Illustrated notes

Levels and vault maps discovered:
D:1:      minmay_arrival_three_doors, layout_basic,
          ebering_ecumenical_altar_ruins, st_stairs_8
D:2:      layout_loops_corners, minmay_misc_feat_tower
D:3:      layout_rooms, makhleb_altar_promises_db, uniq_natasha

Skill      XL: |  1  2  3 |
---------------+----------+-----
Spellcasting   | 3 |  3.2
Poison Magic   | 4 |  4.1
Dodging        | |  1.5
Stealth        | |  2.1
Transmutations | |  0.8

Action                   |  1- 3 |  4- 6 || total
-------------------------+-------+-------++-------
Melee: Staff             |    51 |       ||    51
Throw: Dart              |     4 |       ||     4
 Cast: Sting             |    34 |     9 ||    43
       Poisonous Vapours |       |     1 ||     1
Evoke: Wand              |     1 |     1 ||     2
  Use: Scroll            |     2 |       ||     2
       Potion            |     1 |     1 ||     2
 Stab: Sleeping          |     1 |       ||     1
Armor: Robe              |     9 |       ||     9
       Leather armour    |    43 |     8 ||    51
Dodge: Dodged            |    63 |    23 ||    86
